Map: Dusk Towers

Players

Deagor - Winner!

  • Race: Terran Terran
  • League: Gold

AngryRoach

  • Race: Zerg Zerg
  • League: Diamond

VOD

Have the link to the VOD?

Description

Time

  • Played on: Jan. 26, 2016, 2:17 a.m.
  • Length: 16:58
Show
View Real Time Build Order
Export as new Build Order

Deagor Terran - Winner!

Build Orders: Mech, Banshee Rush 

Get SALT Encoding   

  12  0:00  SCV  
  13  0:13  SCV  
  14  0:17  Supply Depot  
  14  0:25  SCV  
  15  0:39  SCV  
  15  0:40  Barracks  
  16  0:45  Refinery  
  16  0:51  SCV  
  17  1:03  SCV  
  18  1:17  SCV  
  19  1:29  Barracks Reactor  
  19  1:32  Orbital Command  
  19  1:45  Command Center  
  19  2:01  SCV  
  20  2:08  Supply Depot, Marine x2  
  21  2:14  SCV  
  23  2:20  Factory  
  23  2:29  Marine x2  
  25  2:32  SCV  
  26  2:40  Refinery  
  26  2:49  Marine x2  
  26  2:51  SCV  
  29  2:57  Orbital Command  
  29  3:06  Factory Tech Lab  
  29  3:07  Marine x2  
  29  3:08  Starport  
  31  3:16  SCV  
  32  3:24  SCV  
  33  3:30  SCV  
  34  3:34  Factory Tech Lab  
  34  3:38  SCV  
  35  3:43  SCV  
  35  3:47  Marine x2  
  38  3:50  SCV  
  38  3:51  Cloaking Field  
  38  3:53  Banshee  
  38  3:55  Supply Depot  
  42  3:57  SCV  
  42  4:02  SCV  
  44  4:06  Marine x2  
  46  4:16  SCV x2, Siege Tank  
  51  4:18  Supply Depot  
  51  4:21  Supply Depot  
  51  4:28  SCV x2  
  53  4:40  SCV x2, Viking  
  53  4:45  Supply Depot  
  57  4:53  Refinery  
  57  4:54  Factory, Refinery  
  57  5:00  Command Center  
  57  5:32  Siege Tank  
  57  5:34  Banshee  
  63  5:37  Factory Tech Lab  
  63  5:43  SCV x2  
  65  5:58  Siege Tank  
  65  6:00  SCV x2  
  70  6:14  SCV x2  
  72  6:30  Starport Reactor  
  72  6:33  Siege Tank  
  72  6:34  Factory, Siege Tank  
  72  6:35  Factory  
  78  6:41  Factory  
  78  6:42  Supply Depot  
  78  6:45  Armory  
  78  6:50  Supply Depot  
  78  7:05  Orbital Command  
  78  7:12  SCV x2  
  80  7:24  SCV  
  80  7:25  SCV  
  82  7:30  Factory Reactor  
  82  7:33  Hellion x2, Siege Tank x2  
  82  7:34  Viking  
  82  7:35  Viking  
  82  7:36  SCV  
  82  7:37  SCV  
  98  7:42  SCV  
  99  7:49  SCV  
  100  7:51  Refinery  
  100  7:52  Refinery  
  100  7:57  Terran Vehicle Weapons Level 1  
  100  7:58  Engineering Bay  
  100  7:59  SCV x2, Armory  
  100  8:01  SCV  
  100  8:04  Hellion x2, Infernal Pre-Igniter  
  107  8:08  Hellion  
  109  8:33  Supply Depot  
  109  8:34  Missile Turret  
  109  8:36  Missile Turret  
  109  8:37  Supply Depot  
  109  8:38  Missile Turret  
  109  8:40  Hellion  
  109  8:41  Hellion  
  109  8:42  SCV, Hellion  
  109  8:43  Supply Depot, Hellion  
  109  8:44  SCV, Hellion x2  
  109  8:46  Orbital Command  
  92  8:55  SCV  
  83  9:04  Siege Tank  
  83  9:05  Siege Tank x2  
  93  9:17  SCV x3  
  97  9:24  Hellion x2  
  97  9:25  Hellion x2  
  103  9:36  Thor  
  103  9:37  Thor  
  115  9:44  Siege Tank  
  118  9:47  Hellion x9  
  118  9:56  Terran Vehicle Weapons Level 2  
  118  9:57  Terran Vehicle And Ship Armor Level 1  
  118  9:59  Hellion x4, Factory  
  124  10:14  SCV x3  
  127  10:17  Siege Tank  
  127  10:18  Command Center  
  127  10:20  Missile Turret  
  130  10:23  Siege Tank  
  133  10:41  SCV  
  133  10:42  Siege Tank  
  133  10:43  Hellion  
  133  10:44  Hellion  
  133  10:48  Factory Reactor  
  133  11:02  Starport  
  133  11:19  Supply Depot  
  133  11:20  Supply Depot  
  133  11:22  Supply Depot  
  133  11:30  Hellion x6  
  145  11:36  Hellion, Starport Tech Lab  
  147  11:41  Hellion x2  
  147  11:45  Starport Tech Lab  
  151  12:14  Siege Tank  
  151  12:15  Siege Tank x2  
  160  12:16  Hellion x3  
  160  12:17  Hellion x2  
  160  12:19  Hellion  
  160  12:20  Banshee x2  
  178  12:26  Planetary Fortress, Factory  
  178  12:27  Factory  
  178  12:28  Factory  
  178  12:38  Missile Turret x2  
  178  12:39  Terran Vehicle And Ship Armor Level 2, Terran Vehicle Weapons Level 3  
  178  12:40  Missile Turret  
  178  12:51  Hellion  
  178  12:52  Hellion x4  
  178  12:53  Hellion  
  178  12:54  Thor  
  194  13:20  Banshee  
  195  13:33  Missile Turret  
  195  13:35  Missile Turret  
  195  13:37  Factory Tech Lab x2, Missile Turret x2  
  195  13:38  Factory Tech Lab  
  195  13:40  Missile Turret  
  195  13:49  Hi-Sec Auto Tracking, Missile Turret  
  195  13:50  SCV  
  195  13:52  Refinery  
  195  13:53  Refinery  
  196  13:55  Supply Depot  
  196  14:02  Command Center  
  196  14:15  Sensor Tower  
  196  14:17  Banshee, SCV  
  200  14:47  SCV x2  
  200  14:48  Missile Turret  
  200  14:49  Missile Turret  
  170  15:00  Hellion, Hellbat x3  
  170  15:01  Thor x3, Hellbat x2  
  170  15:02  Thor  
  200  15:12  Command Center  
  200  15:15  Fusion Core  
Show
View Real Time Build Order
Export as new Build Order

AngryRoach Zerg 

Build Orders: Hatch First 

Get SALT Encoding   

  12  0:02  Drone  
  13  0:13  Overlord  
  13  0:17  Drone  
  14  0:34  Drone  
  14  0:35  Drone  
  16  0:36  Drone  
  17  0:57  Hatchery  
  17  1:02  Drone x2  
  18  1:17  Spawning Pool  
  17  1:21  Drone  
  17  1:23  Drone  
  19  1:36  Overlord  
  19  2:00  Hatchery  
  18  2:06  Zergling x6  
  21  2:16  Queen  
  21  2:19  Queen  
  25  2:28  Drone x2  
  27  2:31  Drone  
  28  2:37  Drone x2  
  28  2:41  Drone  
  28  2:42  Drone  
  32  2:49  Overlord  
  32  2:58  Drone  
  33  3:04  Drone  
  33  3:05  Drone  
  35  3:11  Overlord  
  35  3:13  Queen  
  35  3:15  Drone x2  
  35  3:16  Extractor x2  
  37  3:26  Drone x5  
  37  3:27  Drone  
  43  3:32  Overlord  
  43  3:36  Drone  
  43  3:37  Drone x2  
  46  3:43  Drone x2  
  46  3:46  Overlord  
  48  3:58  Drone  
  48  4:02  Lair  
  49  4:04  Drone  
  49  4:05  Drone x2, Extractor  
  49  4:06  Drone, Extractor  
  49  4:07  Drone  
  49  4:08  Drone  
  53  4:16  Drone  
  54  4:17  Roach Warren, Drone  
  54  4:28  Spore Crawler  
  54  4:30  Drone  
  54  4:31  Drone  
  55  4:42  Evolution Chamber  
  55  4:43  Evolution Chamber  
  55  4:44  Overlord x2  
  53  4:57  Roach x3  
  53  4:58  Roach x5  
  69  5:14  Spore Crawler  
  69  5:19  Queen  
  68  5:28  Drone  
  68  5:29  Drone x12  
  68  5:32  Spore Crawler  
  80  5:40  Zerg Missile Weapons Level 1, Zerg Ground Armor Level 1  
  80  5:42  Glial Reconstitution  
  80  5:50  Spore Crawler  
  80  5:53  Roach  
  80  5:54  Overlord x2  
  81  5:57  Extractor  
  80  6:05  Drone x2  
  79  6:13  Extractor  
  76  6:18  Spore Crawler  
  76  6:19  Drone  
  76  6:20  Drone x2  
  76  6:21  Drone, Overlord  
  76  6:25  Drone  
  80  6:27  Drone x3  
  80  6:28  Drone x4  
  87  6:33  Overseer  
  87  6:37  Roach x4  
  95  6:44  Roach  
  95  6:45  Roach x2  
  95  6:46  Ravager x4  
  105  6:58  Overlord x2  
  105  7:06  Hatchery  
  104  7:16  Roach x6  
  104  7:17  Roach x2  
  104  7:18  Overlord x2  
  104  7:19  Ravager  
  104  7:20  Overlord x2  
  121  7:38  Roach x4  
  121  7:39  Roach x4  
  121  7:40  Overlord x2  
  137  7:45  Zerg Ground Armor Level 2, Zerg Missile Weapons Level 2  
  137  7:47  Ravager  
  137  7:48  Ravager x4  
  137  7:49  Ravager  
  137  7:50  Ravager  
  144  8:01  Roach  
  144  8:02  Roach x5  
  156  8:18  Drone x4, Spine Crawler  
  163  8:20  Roach x4  
  167  8:31  Overlord x2  
  167  8:35  Infestation Pit  
  136  9:08  Drone x4  
  136  9:09  Drone x2  
  134  9:13  Hive  
  134  9:25  Extractor  
  134  9:28  Hydralisk Den  
  134  9:29  Extractor  
  131  9:42  Drone x3, Spore Crawler  
  131  9:43  Drone x3  
  130  9:56  Drone  
  130  9:57  Evolution Chamber, Drone x3, Spine Crawler, Spore Crawler  
  130  9:58  Drone x2, Spine Crawler  
  128  10:04  Hydralisk, Roach x2  
  128  10:05  Hydralisk x5  
  129  10:10  Muscular Augments  
  129  10:19  Queen  
  131  10:29  Ultralisk Cavern  
  131  10:32  Hydralisk x7  
  131  10:33  Hydralisk, Roach  
  131  10:34  Roach x6  
  159  10:37  Zerg Melee Weapons Level 1  
  159  10:39  Hatchery  
  149  10:43  Drone x3  
  150  10:54  Drone x3  
  150  10:55  Spore Crawler  
  150  10:56  Spore Crawler  
  151  11:07  Roach  
  151  11:08  Roach x8  
  151  11:09  Roach x2  
  151  11:11  Ravager x11  
  175  11:17  Overseer  
  184  11:31  Chitinous Plating  
  184  11:35  Zerg Ground Armor Level 3, Zerg Missile Weapons Level 3  
  184  11:40  Overlord x4  
  184  11:44  Pneumatized Carapace  
  184  11:52  Overlord x2  
  184  11:58  Overseer x2  
  184  12:06  Spore Crawler  
  184  12:07  Drone x4  
  184  12:08  Drone x3, Spore Crawler  
  189  12:53  Pathogen Glands  
  189  12:56  Metabolic Boost  
  189  13:32  Drone, Spire  
  189  13:36  Zerg Melee Weapons Level 2  
  189  14:02  Extractor  
  188  14:03  Extractor  
  187  14:15  Adrenal Glands  
  161  14:45  Greater Spire  
  159  14:49  Ultralisk x2  
  159  14:50  Ultralisk x7  
  159  14:51  Ultralisk  
  185  14:53  Zergling x2  
  185  14:54  Zergling x16  
  185  14:55  Zergling x16  
  185  14:57  Overlord x6  
  185  14:58  Overlord x2  
  185  14:59  Overlord  
  162  15:01  Ultralisk x2  
  166  15:15  Spine Crawler x2  
  166  15:16  Spine Crawler  
  162  15:27  Overseer x2  
  162  15:28  Overseer  
  128  15:46  Zergling x12  
  128  15:47  Zergling x32  
  156  15:57  Ultralisk  
Tags
 
Composition
Mech
Matchup
TvZ
Strategy
Banshee Rush
Add a new tag
Caveats
  • Supply blocks, unpowered buildings, or Contaminate may cause inaccurate times.
  • Supply counts are checked every 10 seconds.